 Dungeon Crawl Stone Soup version 0.31-a0-1620-gcbf77bbcfc (webtiles) character file.

Game seed: 11283159183272894372

2483 Laraso the Carver (level 9, -1/70 HPs)
             Began as a Pale Draconian Monk on Jan 11, 2024.
             Was a Priest of Makhleb.
             Slain by an orc warrior
             ... wielding a +0 dire flail
              (15 damage)
             ... on level 6 of the Dungeon.
             The game lasted 00:08:41 (5293 turns).

Laraso the Carver (Pale Draconian Monk)             Turns: 5293, Time: 00:08:42

Health: -1/70      AC: 12    Str: 14    XL:     9   Next: 27%
Magic:  13/13      EV: 13    Int: 10    God:    Makhleb [***...]
Gold:   428        SH:  0    Dex: 18    Spells: 8/8 levels left

rFire   . . .        a - +1 scimitar
rCold   . . .        c - orb {light}
rNeg    . . .        (body armour unavailable)
rPois   +            (helmet restricted)
rElec   .            (no cloak)
rCorr   .            (no gloves)
SInv    .            g - +0 pair of boots
Will    .....        (no amulet)
Stlth   +            d - ring of poison resistance
HPRegen 0.31/turn    u - +4 ring of protection
MPRegen 0.13/turn

%: no passive effects
@: short of breath, glowing, studying 2 skills
A: breathe steam, AC +7, unfitting armour, cold-blooded, steam resistance, horns
1, evolution 1, subdued magic 1
a: Breathe Steam, Renounce Religion, Minor Destruction, Lesser Servant of
Makhleb


You were on level 6 of the Dungeon.
You worshipped Makhleb.
Makhleb was most pleased with you.
You visited 2 branches of the dungeon, and saw 7 of its levels.

You collected 482 gold pieces.
You spent 54 gold pieces at shops.

Inventory:

Hand Weapons
 a - a +1 scimitar (weapon)
Armour
 c - an orb of light (worn)
 g - a +0 pair of boots (worn)
Jewellery
 d - a ring of poison resistance (left hand)
 u - a +4 ring of protection (right hand)
Wands
 v - a wand of iceblast (17)
 B - a wand of polymorph (2)
 C - a wand of flame (21)
Scrolls
 e - a scroll of poison
 f - 3 scrolls of enchant weapon
 i - a scroll of torment
 m - a scroll of amnesia {unknown}
 q - 3 scrolls of teleportation
 r - a scroll of revelation {unknown}
 w - a scroll of fear {unknown}
 y - a scroll of silence {unknown}
 z - a scroll of enchant armour {unknown}
Potions
 b - 2 potions of ambrosia
 h - 2 potions of lignification
 j - 2 potions of enlightenment
 k - a potion of brilliance {unknown}
 l - a potion of mutation
 n - a potion of resistance {unknown}
 o - a potion of heal wounds {unknown}
 p - a potion of degeneration {unknown}
 s - a potion of cancellation {unknown}
 t - a potion of magic {unknown}
 x - a potion of might {unknown}
 A - a potion of invisibility {unknown}


   Skills:
 - Level 3.2 Fighting
 * Level 11.4 Long Blades
 - Level 2.6 Dodging
 + Level 6.4 Invocations


You had 8 spell levels left.
You didn't know any spells.
Your spell library was empty.

Dungeon Overview and Level Annotations

Branches:
Dungeon (6/15)             Temple (1/1) D:4

Altars:
Ashenzari
Cheibriados
Dithmenos
Fedhas
Gozag
Hepliaklqana
Kikubaaqudgha
Makhleb
Nemelex Xobeh
Okawaru
Qazlal
Ru
Trog
Uskayaw
Vehumet
Wu Jian
Xom
Yredelemnul
Zin
The Shining One

Shops:
D:3 [


Innate Abilities, Weirdness & Mutations

You can breathe blasts of scalding, opaque steam.
Your pale cyan-grey scales are hard. (AC +7)
You cannot fit into any form of body armour.
You are cold-blooded and may be slowed by cold attacks.
You are immune to the effects of steam.
You have a pair of small horns on your head.
You have hidden genetic potential.
Your spells are a little easier to cast, but a little less powerful.


Message History

You have got your breath back.
A black bear comes into view.
Items here: )) [[.
You see here a howler monkey corpse.
Things that are here:
a +1 dagger of venom; a +0 robe; an orc corpse
Aiming: Breathe Steam (1% risk of failure)
Press: ? - help, Shift-Dir - straight line, f - orc warrior
Aim: an orc warrior, wielding a +0 dire flail and wearing a +0 chain mail (haloed, 78% to hit)
You exhale a blast of scalding steam.
The ball of steam hits the orc warrior.
The orc warrior is lightly wounded.
The orc warrior is engulfed in a cloud of scalding steam.
Unknown command.
You barely miss the orc warrior.
You headbutt the orc warrior, but do no damage.
The orc warrior is lightly wounded.
The black bear misses you.
The black bear claws you but does no damage.
The black bear closely misses you.
The orc warrior is engulfed in a cloud of scalding steam.
The orc warrior hits you with a +0 dire flail!
You closely miss the orc warrior.
The orc warrior is moderately wounded.
The black bear bites you but does no damage.
The black bear closely misses you. x2
Unknown command.
You hit the orc warrior but do no damage.
You headbutt the orc warrior, but do no damage.
The orc warrior is moderately wounded.
The orc warrior hits you with a +0 dire flail!
* * * LOW HITPOINT WARNING * * *
Unknown command.
You closely miss the orc warrior.
The orc warrior is moderately wounded.
The black bear closely misses you. The black bear claws you.
* * * LOW HITPOINT WARNING * * *
The black bear claws you.
* * * LOW HITPOINT WARNING * * *
The orc warrior hits you with a +0 dire flail!
You die...

#.#.#.##.#....
#...#.##.#...### #
###.#....#.....#.#
###.#.#..#.#......
..>.#.#..#.)...#
#...#.#..#.#.###
....#....o...#
#..##)#.#..#########.#
#..##.#.#.§..§)o@h...#
#..<..#.#..#§#########
#..####.#..#.#
........#..#.#
...######..#.#
...........#.#
......###.##.# ......#
#....# ......# ####


You could see an orc warrior and a black bear.

Vanquished Creatures
  Pikel (D:6)
  A steam dragon (D:6)
  An orc warrior (D:6)
  A black bear (D:6)
  A centaur (D:5)
  4 lemures (D:6)
  4 scorpions
  9 wights
  2 howler monkeys (D:6)
  3 bombardier beetles
  5 orc priests
  4 hounds
  2 sleepcaps
  5 iguanas
  5 orc wizards
  4 gnolls (D:5)
  6 adders
  A white imp (D:5)
  A ribbon worm (D:3)
  2 dart slugs
  9 orcs
  6 endoplasms
  5 giant cockroaches
  6 goblins
  4 hobgoblins
  2 jackals (D:1)
  4 kobolds
  A quokka (D:1)
  6 ball pythons
  5 bats
  5 frilled lizards
  4 rats
119 creatures vanquished.

Notes
Turn   | Place    | Note
-------+----------+-------------------------------------------
     0 | D:1      | Laraso the Draconian Monk began the quest for the Orb.
     0 | D:1      | Reached XP level 1. HP: 19/19 MP: 1/1
   227 | D:1      | Reached XP level 2. HP: 24/26 MP: 2/2
   436 | D:1      | Reached skill level 4 in Long Blades
   708 | D:1      | Reached XP level 3. HP: 30/31 MP: 3/3
  1525 | D:3      | Found Afarok's Armour Shop.
  1539 | D:3      | Reached XP level 4. HP: 38/38 MP: 4/4
  1542 | D:3      | Reached skill level 5 in Long Blades
  1547 | D:3      | Bought a +0 pair of boots for 54 gold pieces
  1571 | D:3      | Found a broken altar of Ashenzari.
  2341 | D:4      | Found a staircase to the Ecumenical Temple.
  2342 | D:4      | Identified a scroll of acquirement
  2350 | D:4      | Acquired a manual of Translocations
  2353 | Temple   | Entered the Ecumenical Temple
  2371 | Temple   | Became a worshipper of Makhleb the Destroyer
  2371 | Temple   | Reached * piety under Makhleb
  2371 | Temple   | Reached ** piety under Makhleb
  2480 | D:4      | Noticed a scorpion
  2496 | D:4      | Killed a scorpion
  2497 | D:4      | Reached skill level 6 in Long Blades
  2497 | D:4      | Reached XP level 5. HP: 45/45 MP: 5/5
  2803 | D:4      | Found a shadowy altar of Dithmenos.
  2918 | D:4      | Reached XP level 6. HP: 45/51 MP: 6/6
  2935 | D:4      | Found an iron altar of Okawaru.
  3149 | D:5      | Entered Level 5 of the Dungeon
  3164 | D:4      | Reached skill level 7 in Long Blades
  3544 | D:5      | Reached skill level 8 in Long Blades
  3544 | D:5      | Your scales start taking on a pale cyan-grey colour.
  3544 | D:5      | Reached XP level 7. HP: 47/57 MP: 7/7
  3544 | D:5      | Gained mutation: You are immune to the effects of steam.
                  | [Pale Draconian growth]
  3555 | D:5      | Reached skill level 1 in Invocations
  4053 | D:5      | Reached skill level 9 in Long Blades
  4338 | D:6      | Found a glowing golden altar of the Shining One.
  4371 | D:6      | Reached XP level 8. HP: 63/63 MP: 10/10
  4453 | D:6      | Reached *** piety under Makhleb
  4666 | D:6      | Reached skill level 10 in Long Blades
  4886 | D:5      | Gained mutation: Your spells are a little easier to cast,
                  | but a little less powerful. [potion of mutation]
  4886 | D:5      | Gained mutation: You have a pair of small horns on your
                  | head. [potion of mutation]
  4886 | D:5      | Gained mutation: You have hidden genetic potential. [potion
                  | of mutation]
  4914 | D:6      | Reached skill level 5 in Invocations
  5248 | D:6      | Noticed Pikel
  5255 | D:6      | Killed Pikel
  5256 | D:6      | Reached skill level 11 in Long Blades
  5256 | D:6      | Reached XP level 9. HP: 70/70 MP: 13/13
  5293 | D:6      | Slain by an orc warrior

Illustrated notes

Levels and vault maps discovered:
D:1:      nzn_arrival_depleted_hourglass, layout_loops_ring,
          dreamdust_wishing_well
D:2:      layout_basic
D:3:      layout_loops_cross, lemuel_round_altar, serial_shops, shop
D:4:      layout_basic, mainiacjoe_overflow_small_starburst,
          mainiacjoe_overflow_chevrons, minmay_temple_entry_arrows
D:5:      layout_basic, kennysheep_another_room, grunt_ministairs_10,
          kennysheep_generic_room_11
D:6:      layout_basic, marbit_many_paths, uniq_pikel
Temple:   compressed_dpeg_triangle_lava_temple

Skill      XL: |  1  2  3  4  5  6  7  8 |
---------------+-------------------------+-----
Long Blades    | 4 6 8 9 11 | 11.4
Invocations    | 3 6 |  6.4
Fighting       | |  3.2
Dodging        | |  2.6

Action                     |  1- 3 |  4- 6 |  7- 9 || total
---------------------------+-------+-------+-------++-------
  Melee: Falchion          |   108 |    29 |       ||   137
         Tailslap          |    13 |    18 |    17 ||    48
         Scimitar          |       |    65 |   110 ||   175
         Headbutt          |       |       |    17 ||    17
 Invoke: Minor Destruction |       |    18 |     3 ||    21
Ability: Breathe Steam     |       |       |    12 ||    12
    Use: Scroll            |     3 |     6 |     1 ||    10
         Potion            |       |     1 |     2 ||     3
 Armour: Skin              |    50 |    40 |   100 ||   190
  Dodge: Dodged            |    65 |    52 |    86 ||   203

Table legend: (Time is in decaauts)
 A = Elapsed time spent in this place.
 B = Non-inter-level travel time spent in this place.
 C = Inter-level travel time spent in this place.
 D = Time resting spent in this place.
 E = Time spent auto-exploring this place.
 F = Levels seen in this place.
 G = Mean time per level.
                   A        B        C        D        E       F      G
               +--------+--------+--------+--------+--------+-----+--------+
         Total |   5305 |   5113 |    192 |    585 |   3608 |   7 |  757.9 |
       Dungeon |   5268 |   5110 |    158 |    585 |   3608 |   6 |  878.0 |
        Temple |     36 |      2 |     34 |      0 |      0 |   1 |   36.0 |
               +--------+--------+--------+--------+--------+-----+--------+

Top non-repeatable levels by time:
     D:4: 1133 daAuts
     D:5: 1066 daAuts
     D:1: 869 daAuts
     D:6: 808 daAuts
     D:3: 728 daAuts
     D:2: 662 daAuts
  Temple: 36 daAuts
